 Dungeon Crawl Stone Soup version 0.22-a0-596-gfbd32a6 (webtiles) character file.

17725 sking99 the Severer (level 12, -4/114 HPs)
             Began as a Deep Dwarf Fighter on July 5, 2018.
             Was an Elder of Makhleb.
             Succumbed to Sonja's poison
             ... on level 1 of the Lair of Beasts on July 6, 2018.
             The game lasted 00:33:30 (10554 turns).

sking99 the Severer (Deep Dwarf Fighter)           Turns: 10554, Time: 00:33:31

Health: -4/114     AC: 19    Str: 20    XL:     12   Next: 21%
Magic:  3/3        EV:  6    Int:  7    God:    Makhleb [****..]
Gold:   52         SH:  0    Dex: 16    Spells: 11/11 levels left

rFire    + . .     SeeInvis .   a - +0 battleaxe of the Endless Demons {flame, *Rage +Blink rC++ MR+}
rCold    + + +     Gourm    .   (shield currently unavailable)
rNeg     . . .     Faith    .   H - +0 plate armour
rPois    .         Spirit   .   m - +1 helmet
rElec    .         Reflect  .   J - scarf {rC+ rF+}
rCorr    .         Harm     .   e - +1 pair of gloves
MR       ++++.     Rnd*Rage +   O - +0 pair of boots
Stlth    ..........             C - necklace of Bloodlust {*Rage +Rage MR++ Int-3 Slay+6 *Curse}
HPRegen  0.00/turn              (no ring)
MPRegen  0.08/turn              (no ring)

@: lethally poisoned (-4 -> -261), berserk cooldown, non-regenerating, slowed,
very slow
A: damage resistance, heal wounds, sense surroundings 2, no regeneration
a: Heal Wounds, Minor Destruction, Lesser Servant of Makhleb, Major Destruction,
Renounce Religion, Evoke Blink, Evoke Berserk Rage


You were on level 1 of the Lair of Beasts.
You worshipped Makhleb.
Makhleb was greatly pleased with you.
You were hungry.

You visited 3 branches of the dungeon, and saw 13 of its levels.
You also visited: Bailey.

You collected 489 gold pieces.
You spent 437 gold pieces at shops.

Inventory:

Hand Weapons
 a - the +0 battleaxe of the Endless Demons (weapon) {flame, *Rage +Blink rC++ MR+}
   (You bought it in a shop on level 6 of the Dungeon)

   It has been specially enchanted to burn those struck by it, causing extra
   injury to most foes and up to half again as much damage against particularly
   susceptible opponents.
   Big, fiery blades are also staple armaments of hydra-hunters.
   It greatly protects you from cold.
   It affects your resistance to hostile enchantments.
   It lets you blink.
   It may make you go berserk in combat.
 b - a +4 scimitar of flaming
 I - a +1 war axe
Missiles
 L - 2 throwing nets (quivered)
Armour
 c - a +0 shield
 e - a +1 pair of gloves (worn)
 m - a +1 helmet (worn)
 q - a scarf of cloud immunity
 A - a +0 hat of magic resistance
 H - a +0 plate armour (worn)
 J - a scarf of resistance (worn)
 O - a +0 pair of boots (worn)
Jewellery
 C - the necklace of Bloodlust (around neck) {*Rage +Rage MR++ Int-3 Slay+6 *Curse}
   (You found it on level 7 of the Dungeon)

   [amulet of rage]

   It affects your intelligence (-3).
   It affects your accuracy and damage with ranged weapons and melee attacks
   (+6).
   It affects your resistance to hostile enchantments.
   It lets you go berserk.
   It may make you go berserk in combat.
   It curses itself when equipped.
 D - an uncursed amulet of guardian spirit
Wands
 o - a wand of polymorph (25)
 t - a wand of paralysis (39)
 N - a wand of enslavement (11)
 P - a wand of flame (19)
Scrolls
 g - 2 scrolls of enchant weapon
 h - 5 scrolls of amnesia
 i - 4 scrolls of teleportation
 n - 5 scrolls of enchant armour
 p - 3 scrolls of fog
 r - 2 scrolls of torment {unknown}
 v - a scroll of fear {unknown}
 x - 6 scrolls of identify
 y - a scroll of magic mapping
 B - a scroll of immolation
 G - a scroll of acquirement {unknown}
 K - a scroll of brand weapon {unknown}
 M - a scroll of blinking {unknown}
Potions
 d - 2 potions of might
 j - 4 potions of magic
 k - 3 potions of resistance
 l - 14 potions of curing
 s - 10 potions of heal wounds
 u - 5 potions of brilliance {unknown}
 w - 2 potions of ambrosia {unknown}
 z - 3 potions of lignification {unknown}
 E - 2 potions of mutation {unknown}
 F - 2 potions of berserk rage
Comestibles
 f - 28 rations


   Skills:
 - Level 9.1 Fighting
 - Level 16.1 Axes
 + Level 7.1 Armour
 - Level 3.2 Shields
 - Level 9.0 Invocations


You had 11 spell levels left.
You didn't know any spells.
Your spell library contained the following spells:

 Spells                   Type           Power        Failure   Level  Hunger
 Fireball                 Conj/Fire      #.........   100%        5    ######.
 Apportation              Tloc           #.....       100%        1    ##.....
 Conjure Flame            Conj/Fire      #.......     100%        3    ####...
 Confuse                  Hex            #.......     100%        3    ####...
 Throw Flame              Conj/Fire      #.....       100%        2    ###....
 Summon Small Mammal      Summ           #...         100%        1    ##.....
 Animate Skeleton         Necr           N/A          100%        1    ##.....
 Sticky Flame             Conj/Fire      #.......     100%        4    #####..
 Regeneration             Chrm/Necr      #.........   100%        3    ####...
 Statue Form              Tmut/Erth      #........    100%        6    #######
 Dragon Form              Tmut           #.........   100%        7    #######
 Confusing Touch          Hex            #.....       100%        1    ##.....
 Flame Tongue             Conj/Fire      #....        100%        1    ##.....
 Metabolic Englaciation   Hex/Ice        #.........   100%        5    ######.
 Petrify                  Tmut/Erth      #.......     100%        4    #####..
 Shroud of Golubria       Chrm/Tloc      #.........   100%        2    ###....
 Inner Flame              Hex/Fire       #.......     100%        3    ####...
 Infusion                 Chrm           #...         100%        1    ##.....
 Song of Slaying          Chrm           #.......     100%        2    ###....
 Spectral Weapon          Hex/Chrm       #.......     100%        3    ####...
 Hydra Form               Tmut           #.........   100%        6    #######
 Irradiate                Conj/Tmut      #.........   100%        5    ######.
 Gell's Gravitas          Tloc           #.........   100%        3    ####...
 Yara's Violent Unravell  Hex/Tmut       #.........   100%        5    ######.


Dungeon Overview and Level Annotations

Branches:
Dungeon (11/15)            Temple (1/1) D:6            Lair (1/6) D:10
    Orc: D:9-12

Altars:
Ashenzari
Cheibriados
Dithmenos
Elyvilon
Fedhas
Gozag
Hepliaklqana
Kikubaaqudgha
Makhleb
Nemelex Xobeh
Okawaru
Qazlal
Ru
Sif Muna
Trog
Uskayaw
Vehumet
Wu Jian
Xom
Yredelemnul
Zin
The Shining One

Shops:
D:6 ((:   D:7 ?

Annotations:
D:3 3 runed doors, Hebeh's ghost, amateur MiFi
Lair:1 Sonja


Innate Abilities, Weirdness & Mutations

You are resistant to damage.
You can heal yourself by infusing magical energy.
You passively map the area around you.
You do not regenerate.


Message History

* * * LOW HITPOINT WARNING * * *
You are more poisoned.
Sonja hits you but does no damage.
You are more poisoned.
Sonja hits you but does no damage. x2
You are more poisoned.
Sonja hits you with an uncursed short sword of venom.
You are more poisoned.
Sonja hits you but does no damage.
You are more poisoned.
You completely miss Sonja.
Sonja is heavily wounded.
* * * LOW HITPOINT WARNING * * *
You feel extremely sick.
Sonja says, "Someone hired me to kill you, but I'm not supposed to say who."
Sonja barely misses you. Sonja hits you but does no damage. x2
You are more poisoned.
Sonja mumbles some strange words.
Sonja blinks!
You die...

##.#........≈........
#..#......≈≈≈≈≈≈≈....
*#.#.....≈≈≈≈≈≈≈≈≈...
#.†.....≈≈≈≈≈≈≈≈≈≈..
#.†#.P≈≈≈≈≈≈≈.≈≈≈≈..
#......≈≈≈≈≈>≈≈≈≈...
#.......≈≈≈≈≈≈≈≈≈...
#......≈≈≈≈≈≈≈≈≈≈.##
##..@....≈≈≈≈≈≈≈≈....
#.........≈≈≈≈≈≈≈....
#....K.......≈.......
##.#+#.#.#.##........
#.#........#....P..#
##.#........#....##.#
#..#........#....P#..
##.#........#....##..
##.#........#....##..


You could see Sonja.

Vanquished Creatures
  Gastronok (Lair:1)
  2 hydras (Lair:1)
  Erica (D:8)
  A death knight (D:11)
  An unseen horror (D:11)
  Pikel (D:4)
  A manticore (D:11)
  A cyclops (D:11)
  A centaur skeleton (D:11)
  2 freezing wraiths (D:11)
  A troll (D:11)
  Sigmund (D:3)
  3 water elementals (D:11)
  2 wraiths
  A wyvern (D:11)
  Grum (Lair:1)
  8 yaks
  A basilisk (Lair:1)
  Edmund (D:6)
  2 water moccasins (Lair:1)
  2 orc warriors
  An ice beast (D:5)
  A sky beast (D:5)
  A black bear (D:11)
  4 slaves (D:4)
  2 phantoms
  3 wolves (Lair:1)
  7 ogres
  5 centaurs
  3 crocodiles
  2 big kobolds
  10 bullfrogs
  10 killer bees (D:8)
  2 electric eels (D:11)
  2 howler monkeys
  A crimson imp (D:7)
  4 centaur zombies
  A bullfrog zombie (D:9)
  3 quasits
  A hound (D:4)
  3 jellies
  6 orc priests
  7 orc wizards
  Jessica (D:3)
  Ijyb (D:3)
  4 iguanas
  7 worker ants
  A hound skeleton (D:6)
  2 worker ant zombies
  23 gnolls
  14 adders
  2 shadow imps
  5 oozes
  An adder zombie (D:6)
  An adder skeleton (D:4)
  4 worms
  3 dart slugs
  4 leopard geckos
  35 orcs
  7 bats
  7 giant cockroaches
  9 goblins
  15 hobgoblins
  3 jackals (D:1)
  20 kobolds
  5 quokkas
  A ball python (D:1)
  A ball python zombie (D:5)
  4 frilled lizards
  8 rats
302 creatures vanquished.

Vanquished Creatures (collateral kills)
  Snorg (D:10)
  Josephine (D:10)
  Erolcha (D:10)
  An ugly thing (D:11)
  4 wraiths (D:10)
  A steam dragon (D:10)
  An orc warrior (D:11)
  An ogre (D:10)
  2 gnoll sergeants
  A centaur zombie (D:9)
  2 jellies
  A bullfrog skeleton (D:11)
  A worker ant (D:9)
  2 gnolls (D:10)
  3 oozes (D:9)
  2 orcs
  A kobold (D:11)
26 creatures vanquished.

Vanquished Creatures (others)
  A fungus (Lair:1)
1 creature vanquished.

Grand Total: 329 creatures vanquished

Notes
Turn   | Place    | Note
-------+----------+-------------------------------------------
     0 | D:1      | sking99 the Deep Dwarf Fighter began the quest for the Orb.
     0 | D:1      | Reached XP level 1. HP: 20/20 MP: 1/1
   333 | D:1      | Reached XP level 2. HP: 27/27 MP: 2/2
   345 | D:1      | Reached skill level 3 in Axes
  1120 | D:1      | Reached XP level 3. HP: 27/34 MP: 3/3
  1596 | D:2      | Found a glowing silver altar of Zin.
  1607 | D:2      | Reached skill level 4 in Axes
  1777 | D:2      | Reached XP level 4. HP: 34/42 MP: 4/4
  2368 | D:3      | Noticed Sigmund
  2405 | D:3      | Killed Sigmund
  2405 | D:3      | Reached skill level 5 in Axes
  2405 | D:3      | Reached XP level 5. HP: 33/50 MP: 5/5
  2447 | D:3      | Reached XP level 6. HP: 38/57 MP: 6/6
  2536 | D:3      | Reached skill level 6 in Axes
  2620 | D:3      | Noticed Jessica
  2657 | D:3      | Killed Jessica
  2727 | D:3      | Found a runed gate.
  2727 | D:3      | Found a runed gate.
  2727 | D:3      | Found a runed gate.
  2728 | D:3      | Noticed Ijyb
  2729 | D:3      | Noticed Hebeh's ghost (amateur MiFi)
  2783 | D:3      | Killed Ijyb
  3155 | D:4      | Noticed a slave
  3155 | D:4      | Noticed a slave
  3155 | D:4      | Noticed a slave
  3155 | D:4      | Noticed Pikel
  3191 | D:4      | Killed a slave
  3204 | D:4      | Killed a slave
  3215 | D:4      | Killed a slave
  3242 | D:4      | Noticed a slave
  3250 | D:4      | Killed a slave
  3262 | D:4      | Killed Pikel
  3262 | D:4      | Reached skill level 5 in Fighting
  3262 | D:4      | Reached skill level 8 in Axes
  3262 | D:4      | Reached XP level 7. HP: 38/67 MP: 7/7
  3296 | D:4      | Reached XP level 8. HP: 67/75 MP: 7/7
  3298 | D:4      | Found a hide-covered altar of Uskayaw.
  3300 | D:4      | Found a sacrificial altar of Ru.
  3302 | D:4      | Found a snail-covered altar of Cheibriados.
  3465 | D:4      | Reached skill level 9 in Axes
  3723 | D:5      | Entered Level 5 of the Dungeon
  3993 | D:5      | Reached skill level 10 in Axes
  4404 | D:6      | Found Hotuh's Weapon Shop.
  4420 | D:6      | Found a staircase to the Ecumenical Temple.
  4441 | Temple   | Entered the Ecumenical Temple
  4611 | Temple   | Became a worshipper of Makhleb the Destroyer
  4650 | D:6      | Found Emynnuli's Weapon Boutique.
  4718 | D:6      | Found Kaos's Book Shoppe.
  4739 | D:6      | Noticed Edmund
  4755 | D:6      | Gained mutation: You passively map the area around you. [Deep Dwarf growth]
  4755 | D:6      | Reached XP level 9. HP: 62/85 MP: 6/6
  4761 | D:6      | Killed Edmund
  5113 | D:6      | Reached skill level 11 in Axes
  5188 | D:7      | Reached * piety under Makhleb
  5348 | D:7      | Found the cursed necklace of Bloodlust {*Rage +Rage MR++ Int-3 Slay+6 *Curse}
  5353 | D:7      | Found a stormy altar of Qazlal.
  5361 | D:7      | Found Desoatoj's Magic Scroll Emporium.
  5873 | D:8      | Found a flagged portal.
  5883 | Bailey   | Entered a bailey
  5963 | Bailey   | Reached ** piety under Makhleb
  6026 | Bailey   | Reached skill level 1 in Invocations
  6338 | D:8      | Reached skill level 12 in Axes
  6884 | D:8      | Noticed Erica
  6920 | D:8      | Killed Erica
  6920 | D:8      | Reached XP level 10. HP: 83/96 MP: 0/8
  7011 | D:8      | Reached *** piety under Makhleb
  7016 | D:8      | Reached skill level 13 in Axes
  7032 | D:8      | Reached skill level 5 in Invocations
  7476 | D:9      | Found an iron altar of Okawaru.
  7693 | D:10     | Entered Level 10 of the Dungeon
  7816 | D:10     | Found a shadowy altar of Dithmenos.
  7884 | D:10     | Noticed Snorg
  7897 | D:10     | Killed Snorg
  8123 | D:10     | Noticed Josephine
  8139 | D:10     | Killed Josephine
  8308 | D:10     | Found a staircase to the Lair.
  8443 | D:10     | Noticed Erolcha
  8454 | D:10     | Killed Erolcha
  8454 | D:10     | Reached skill level 14 in Axes
  8454 | D:10     | Reached XP level 11. HP: 62/106 MP: 0/10
  9003 | D:11     | Killed an unseen horror
  9003 | D:11     | Reached **** piety under Makhleb
  9282 | D:11     | Noticed a red ugly thing
  9282 | D:11     | Noticed a death knight
  9292 | D:11     | Killed a red ugly thing
  9319 | D:11     | Killed a death knight
  9322 | D:11     | Reached skill level 5 in Armour
  9343 | D:11     | Reached skill level 15 in Axes
  9788 | Lair:1   | Entered Level 1 of the Lair of Beasts
  9897 | D:6      | Bought the cursed +0 battleaxe of the Endless Demons {flame, *Rage +Blink rC++ MR+} for 437 gold pieces
 10200 | Lair:1   | Noticed a seven-headed hydra
 10206 | Lair:1   | Noticed Grum
 10207 | Lair:1   | Killed a three-headed hydra
 10216 | Lair:1   | Killed Grum
 10354 | Lair:1   | Reached XP level 12. HP: 114/114 MP: 7/7
 10404 | Lair:1   | Noticed Sonja
 10507 | Lair:1   | Noticed a five-headed hydra
 10509 | Lair:1   | Noticed Gastronok
 10515 | Lair:1   | Killed a one-headed hydra
 10524 | Lair:1   | Killed Gastronok
 10524 | Lair:1   | Reached skill level 16 in Axes
 10543 | Lair:1   | HP: 2/114 [poisoned by Sonja]
 10554 | Lair:1   | Succumbed to Sonja's poison

Vault maps used:
D:1:      dpeg_arrival_arbitrary_b, minmay_pentomino_p4
D:2:      lemuel_round_altar, first_ration
D:3:      gammafunk_ghost_split, uniq_ijyb, uniq_jessica, uniq_sigmund
D:4:      grunt_temple_overflow_open, grunt_ministairs_9,
          hangedman_decor_growths, uniq_pikel
D:6:      minmay_temple_entry_grid, serial_shops, nicolae_shop_stone,
          nicolae_shop_waterfront, kennysheep_little_box, serial_bayou_crossing,
          uniq_edmund
D:7:      serial_shops, nicolae_shop_crystal, basic_altar
D:8:      enter_bailey_8, uniq_erica
D:9:      hangedman_little_slice_of_home, okawaru_altar_gauntlet_db
D:10:     lair_entry_dummy, nicolae_dithmenos_the_darkroom, uniq_josephine,
          uniq_erolcha, uniq_snorg
Temple:   regret_index_temple_mists
Lair:1:   serial_bayou_shore_b, grunt_megastairs_5, infiniplex_staircase_pool_2,
          uniq_sonja, uniq_gastronok, uniq_grum
Bailey:   bailey_axe_2, bailey

Skill      XL: |  1  2  3  4  5  6  7  8  9 10 11 12 |
---------------+-------------------------------------+-----
Axes           | 3 4 5 8 10 12 14 15 16 | 16.1
Fighting       | 3 4 5 6 8 9 |  9.1
Invocations    | 4 7 9 |  9.0
Armour         | 6 7 |  7.1
Shields        | |  3.2

Action                   |  1- 3 |  4- 6 |  7- 9 | 10-12 || total
-------------------------+-------+-------+-------+-------++-------
Melee: War axe           |   156 |   198 |   544 |   366 ||  1264
       Unarmed           |       |     3 |       |       ||     3
       Battleaxe         |       |       |       |    52 ||    52
       Scimitar          |       |       |       |     9 ||     9
Invok: Lesser Servant of |       |       |       |     9 ||     9
 Abil: Heal Wounds       |     1 |     4 |    17 |    37 ||    59
  Use: Scroll            |       |    11 |     4 |     1 ||    16
 Stab: Distracted        |       |       |     1 |     2 ||     3
  Eat: Chunk             |     3 |     5 |    13 |    12 ||    33
Armor: Scale mail        |    72 |    90 |   189 |       ||   351
       Skin              |       |     1 |       |       ||     1
       Plate armour      |       |       |    52 |   405 ||   457
Dodge: Dodged            |    39 |    52 |   124 |   101 ||   316
Block: Shield            |    84 |    88 |   269 |   178 ||   619
       Rpst.: Scimitar   |       |       |       |     1 ||     1

Table legend:
 A = Spawn XP
 B = Non-spawn XP
 C = Spawn XP percentage of total XP
 D = Spawn monster count
 E = Non-spawn monster count
 F = Spawn count percentage of total count
 G = Total turns spent on level
                    A         B        C        D         E        F      G
               +---------+---------+-------+---------+---------+-------+---------
         Total |       0 |   25322 |   0.0 |       0 |     324 |   0.0 | 10554
               +---------+---------+-------+---------+---------+-------+---------
           D:1 |       0 |      43 |   0.0 |       0 |      25 |   0.0 |  1289
           D:2 |       0 |      71 |   0.0 |       0 |      19 |   0.0 |   715
           D:3 |       0 |     406 |   0.0 |       0 |      27 |   0.0 |  1097
           D:4 |       0 |    1157 |   0.0 |       0 |      19 |   0.0 |   622
           D:5 |       0 |     808 |   0.0 |       0 |      24 |   0.0 |   667
           D:6 |       0 |     879 |   0.0 |       0 |      26 |   0.0 |   578
           D:7 |       0 |     541 |   0.0 |       0 |      17 |   0.0 |   695
           D:8 |       0 |    3007 |   0.0 |       0 |      29 |   0.0 |   890
           D:9 |       0 |     763 |   0.0 |       0 |      27 |   0.0 |   734
          D:10 |       0 |    4004 |   0.0 |       0 |      24 |   0.0 |  1147
          D:11 |       0 |    7387 |   0.0 |       0 |      38 |   0.0 |  1012
        Lair:1 |       0 |    5903 |   0.0 |       0 |      15 |   0.0 |   544
        Bailey |       0 |     353 |   0.0 |       0 |      34 |   0.0 |   384
               +---------+---------+-------+---------+---------+-------+---------
